Map: Dédale EC

Players

Zydar - Winner!

  • Race: Zerg Zerg
  • League: Diamond
  • Spawn Location: 7:00

HoldTheDoor

  • Race: Protoss Protoss
  • League: Diamond
  • Spawn Location: 1:00

VOD

Have the link to the VOD?

Description

Time

  • Played on: July 16, 2018, 9:11 a.m.
  • Length: 9:08
Show
View Real Time Build Order
Export as new Build Order

Zydar Zerg - Winner!

Build Orders: Hatch First 

Get SALT Encoding   

  12  0:01  Drone  
  13  0:09  Drone  
  14  0:35  Hatchery  
  13  0:37  Drone  
  14  0:53  Spawning Pool  
  13  0:57  Drone  
  14  1:15  Overlord  
  14  1:33  Drone x2  
  14  1:34  Drone  
  17  1:40  Queen  
  17  1:46  Queen, Drone  
  22  1:48  Drone  
  23  1:55  Extractor  
  23  1:56  Zergling x2  
  23  2:02  Drone  
  24  2:25  Hatchery  
  24  2:27  Overlord  
  23  2:30  Drone x2  
  25  2:38  Queen  
  25  2:41  Drone  
  28  2:51  Drone x2  
  28  2:56  Drone  
  28  2:57  Extractor, Drone  
  31  3:03  Drone  
  31  3:05  Drone  
  33  3:09  Overlord  
  33  3:19  Lair  
  33  3:25  Drone x3  
  36  3:33  Drone x3  
  39  3:42  Drone  
  39  3:43  Drone x3  
  43  3:51  Extractor  
  43  3:52  Extractor  
  41  4:01  Drone x3  
  41  4:02  Drone x5  
  49  4:25  Overlord x3, Spire  
  49  4:26  Drone  
  49  4:27  Drone  
  50  4:45  Zergling x2  
  51  4:46  Zergling x4  
  53  5:03  Spine Crawler  
  52  5:14  Spine Crawler  
  52  5:17  Drone  
  52  5:18  Drone x11  
  52  5:19  Overlord x3  
  63  5:21  Zergling x4  
  63  5:22  Zergling x2  
  66  5:47  Mutalisk x10  
  86  5:52  Mutalisk  
  86  5:56  Extractor  
  87  5:58  Extractor, Drone x4  
  87  5:59  Drone  
  91  6:05  Infestation Pit  
  90  6:24  Overlord x2  
  90  6:52  Zergling x22  
  101  6:58  Drone x2  
  101  7:00  Hatchery  
  97  7:28  Zergling x24  
  75  7:49  Mutalisk  
  75  7:50  Mutalisk x2  
  81  7:52  Hatchery  
  75  8:02  Mutalisk x7  
  86  8:14  Queen  
  86  8:15  Queen  
  90  8:25  Hatchery  
  89  8:28  Mutalisk  
  89  8:29  Mutalisk x7  
Show
View Real Time Build Order
Export as new Build Order

HoldTheDoor Protoss 

Build Orders:  

Get SALT Encoding   

  12  0:01  Probe  
  13  0:13  Probe  
  14  0:19  Pylon  
  14  0:25  Probe  
  15  0:37  Probe  
  15  0:41  Gateway  
  16  0:45  Assimilator, Probe  
  17  0:53  Probe  
  18  1:13  Gateway  
  18  1:15  Probe  
  19  1:19  Assimilator  
  19  1:24  Pylon  
  19  1:31  Cybernetics Core  
  19  1:34  Probe  
  20  1:44  Zealot  
  20  1:46  Probe  
  23  2:02  Probe  
  24  2:12  Nexus  
  24  2:26  Warp Gate  
  24  2:27  Adept  
  24  2:28  Sentry  
  24  2:29  Probe  
  29  2:41  Probe, Gateway  
  30  2:55  Twilight Council  
  30  3:05  Pylon  
  30  3:07  Probe  
  31  3:18  Robotics Facility  
  31  3:23  Probe  
  32  3:30  Adept  
  32  3:31  Adept  
  36  3:35  Adept, Resonating Glaives  
  36  3:37  Probe  
  36  3:39  Probe  
  40  3:53  Probe  
  40  3:55  Pylon  
  41  3:59  Pylon  
  41  4:01  Probe  
  42  4:05  Warp Prism  
  42  4:16  Probe x2  
  46  4:28  Probe x2  
  48  4:34  Sentry x3  
  54  4:40  Probe x2  
  54  4:43  Gateway  
  56  4:48  Immortal  
  60  5:00  Adept x2  
  60  5:05  Probe x2  
  66  5:10  Pylon  
  66  5:15  Pylon  
  66  5:17  Gateway  
  66  5:19  Gateway  
  66  5:29  Immortal  
  66  5:41  Adept x3  
  76  5:47  Gateway x2  
  76  5:59  Gateway  
  76  6:00  Gateway  
  76  6:12  Adept x2  
  76  6:13  Adept x2  
  84  6:22  Pylon  
  84  6:24  Pylon  
  84  6:27  Pylon  
  84  6:28  Pylon  
  84  6:40  Adept x2  
  84  6:41  Adept x2  
  84  6:42  Adept x2  
  84  6:43  Adept  
  98  6:47  Adept  
  100  7:06  Adept x3  
  100  7:07  Adept x3  
  110  7:15  Stalker  
  102  7:17  Stalker  
  104  7:28  Probe  
  104  7:29  Probe  
  106  7:37  Forge  
  94  7:56  Stalker, Probe  
  72  7:59  Probe  
  72  8:01  Assimilator  
  72  8:04  Probe  
  48  8:11  Probe  
  40  8:18  Photon Cannon  
  39  8:24  Photon Cannon  
  39  8:28  Photon Cannon  
  39  8:33  Photon Cannon  
  37  8:36  Photon Cannon  
  37  8:37  Stalker  
  37  8:38  Pylon  
  39  8:48  Photon Cannon  
  39  8:52  Pylon  
Tags
 
Add a new tag
Caveats
  • Supply blocks, unpowered buildings, or Contaminate may cause inaccurate times.
  • Supply counts are checked every 10 seconds.